Map: Frozen Temple

Players

IIIIIIIIIIII - Winner!

  • Race: Zerg Zerg
  • League: Master

Miszu

  • Race: Terran Terran
  • League: Master

VOD

Have the link to the VOD?

Description

Time

  • Played on: April 19, 2016, 2:20 p.m.
  • Length: 5:54
Show
View Real Time Build Order
Export as new Build Order

IIIIIIIIIIII Zerg - Winner!

Build Orders: Hatch First 

Get SALT Encoding   

  12  0:02  Drone  
  13  0:12  Overlord  
  13  0:18  Drone  
  14  0:31  Drone x2  
  16  0:38  Drone  
  17  0:55  Hatchery  
  16  0:58  Drone  
  16  1:01  Extractor  
  16  1:02  Drone  
  17  1:16  Spawning Pool  
  16  1:20  Drone  
  16  1:24  Drone  
  18  1:29  Drone  
  19  1:40  Overlord  
  19  1:50  Drone  
  20  2:04  Queen  
  20  2:06  Metabolic Boost  
  20  2:07  Queen  
  24  2:09  Zergling x2  
  24  2:12  Zergling x2  
  26  2:16  Drone  
  26  2:21  Drone  
  28  2:30  Extractor  
  28  2:31  Drone x2  
  28  2:34  Spore Crawler  
  28  2:36  Drone  
  30  2:46  Drone x2  
  31  2:55  Drone x2  
  31  2:57  Queen  
  35  3:03  Drone  
  36  3:11  Overlord  
  36  3:16  Hatchery  
  35  3:20  Drone  
  35  3:25  Overlord  
  36  3:29  Drone  
  36  3:30  Drone x4  
  36  3:32  Drone  
  42  3:41  Roach Warren  
  40  3:45  Drone x2  
  40  3:46  Drone  
  40  3:48  Extractor  
  41  4:00  Overlord  
  41  4:02  Zergling x8  
  45  4:20  Overlord  
  45  4:22  Roach x2  
  45  4:23  Roach x3  
  55  4:25  Roach x2  
  55  4:27  Overlord  
  59  4:32  Roach x2  
  63  4:41  Roach x3  
  63  4:42  Zergling x4  
  71  4:50  Overlord  
  71  4:58  Zergling x12  
  77  5:01  Ravager  
  77  5:02  Ravager x2  
  77  5:04  Zergling x4  
  82  5:11  Zergling x8  
  85  5:16  Ravager  
  85  5:19  Extractor, Zergling x6  
  86  5:26  Zergling x6  
  89  5:32  Ravager  
  89  5:33  Zergling x4  
  88  5:46  Ravager  
Show
View Real Time Build Order
Export as new Build Order

Miszu Terran 

Build Orders: Reaper Expand 

Get SALT Encoding   

  12  0:00  SCV  
  13  0:13  SCV  
  14  0:17  Supply Depot  
  14  0:25  SCV  
  15  0:39  SCV  
  15  0:40  Barracks  
  16  0:44  Refinery  
  16  0:51  SCV  
  17  1:03  SCV  
  18  1:16  SCV  
  19  1:28  Reaper, Orbital Command  
  20  1:40  Command Center  
  20  1:52  Supply Depot  
  20  1:53  SCV  
  21  2:02  Marine  
  21  2:05  SCV  
  23  2:16  Factory  
  23  2:17  SCV  
  23  2:22  Barracks Reactor  
  24  2:29  SCV  
  25  2:42  SCV  
  25  2:51  Command Center  
  25  2:54  SCV, Orbital Command  
  26  3:02  Barracks  
  26  3:08  SCV  
  27  3:14  Hellion  
  27  3:15  Hellion  
  27  3:16  Barracks Tech Lab  
  31  3:20  SCV  
  31  3:22  SCV  
  33  3:32  SCV  
  33  3:34  SCV  
  34  3:45  Marine, SCV  
  36  3:53  Barracks, SCV  
  37  3:55  Refinery  
  37  3:57  SCV  
  37  3:59  Factory Reactor  
  37  4:01  Marine x2  
  40  4:03  Marine  
  40  4:05  SCV, Orbital Command  
  40  4:09  SCV  
  43  4:17  SCV  
  43  4:19  Marine x2  
  43  4:21  Marine  
  43  4:22  SCV  
  48  4:29  Engineering Bay, SCV  
  50  4:31  SCV  
  50  4:32  Engineering Bay  
  50  4:34  SCV  
  50  4:37  Marine  
  52  4:41  SCV  
  52  4:43  SCV  
  54  4:46  SCV  
  54  4:47  Starport  
  54  4:49  Factory Reactor  
  54  4:50  Refinery x2  
  54  4:52  Marine  
  58  4:53  SCV  
  58  4:55  SCV  
  58  4:58  Supply Depot, SCV  
  59  5:05  SCV  
  60  5:13  SCV  
  61  5:14  Orbital Command  
  61  5:20  Marine x3  
  61  5:21  Marine, Barracks  
  63  5:22  Marine, Barracks  
  62  5:35  Factory Tech Lab  
Tags
 
Add a new tag
Caveats
  • Supply blocks, unpowered buildings, or Contaminate may cause inaccurate times.
  • Supply counts are checked every 10 seconds.